 Dungeon Crawl Stone Soup version 0.22-a0-422-g9628fc8 (webtiles) character file.

72 DrEnzyme the Cutter (level 4, -7/33 HPs)
             Began as a Demonspawn Gladiator on May 18, 2018.
             Splashed by a jelly's acid (11 damage)
             ... on level 3 of the Dungeon.
             The game lasted 00:07:03 (2400 turns).

DrEnzyme the Cutter (Demonspawn Gladiator)          Turns: 2400, Time: 00:07:03

Health: -7/33      AC: -7    Str: 14    XL:     4   Next: 7%
Magic:  4/4        EV: 13    Int: 10    God:
Gold:   108        SH:  0    Dex: 15    Spells: 3/3 levels left

rFire    . . .     SeeInvis +   a - +0 rapier
rCold    . . .     Gourm    .   (no shield)
rNeg     . . .     Faith    .   b - +0 leather armour
rPois    .         Spirit   .   c - +0 helmet
rElec    .         Reflect  .   g - scarf {repulsion}
rCorr    .         Harm     .   (no gloves)
MR       .....                  (no boots)
Stlth    ++........             (no amulet)
HPRegen  0.11/turn              e - ring of see invisible
MPRegen  0.09/turn              (no ring)

@: corroded, repel missiles
A: powered by death 1, sturdy frame 2
a: no special abilities


You were on level 3 of the Dungeon.
You were not hungry.

You visited 1 branch of the dungeon, and saw 3 of its levels.

You collected 108 gold pieces.

Inventory:

Hand Weapons
 a - a +0 rapier (weapon)
Missiles
 d - 3 throwing nets (quivered)
Armour
 b - a +0 leather armour (worn)
 c - a +0 helmet (worn)
 g - a scarf of repulsion (worn)
Jewellery
 e - a ring of see invisible (left hand)
Scrolls
 h - a scroll of magic mapping
 j - a scroll of enchant armour {unknown}
 n - a scroll of teleportation {unknown}
Potions
 k - 3 potions of curing
 l - a potion of haste {unknown}
 m - 2 potions of lignification
Comestibles
 f - 4 rations


   Skills:
 + Level 2.1 Fighting
 * Level 3.4 Short Blades
 + Level 1.7 Throwing
 + Level 0.6 Armour
 * Level 3.3 Dodging
 * Level 1.4 Stealth


You had 3 spell levels left.
You didn't know any spells.
Your spell library was empty.

Dungeon Overview and Level Annotations

Branches:
Dungeon (3/15)

Altars:

Annotations:
D:3 exclusion: ogre, busb's ghost, amateur OpWn


Innate Abilities, Weirdness & Mutations

You regenerate a little health from kills.
Your movements are less encumbered by armour. (ER -4)


Message History

You hear a distant slurping noise.
The jelly quivers.
You open the door.
Found a fuming yellow potion.
The jelly hits you but does no damage.
You completely miss the jelly. The jelly hits you but does no damage.
You hit the jelly but do no damage.
Your hands burn!
The jelly barely misses you.
You hit the jelly but do no damage. The acid corrodes you!
Your hands burn!
The jelly hits you. The acid corrodes you!
You are splashed with acid!
The acid burns!
You barely miss the jelly. The jelly hits you.
You are splashed with acid!
The acid burns!
* * * LOW HITPOINT WARNING * * *
You hit the jelly but do no damage. The acid corrodes you!
Your hands burn!
* * * LOW HITPOINT WARNING * * *
The jelly hits you.
* * * LOW HITPOINT WARNING * * *
You are splashed with acid!
The acid burns!
You die...

##... #...# +###... ....# ###
#...# ## #.....> ....#
....#...#.. #...... ....#
..#...#. #...... ....# ......
#...... ....# #...# #...... ..?.#
#..J# #...... ....#### ####..@#
## #...... .......# #..#...#.!#
####... .......# #..'...'..#
######....
.......#######...#######........#
................## #...........#
.................# #...........#
.......(.........# #...........#
.................# #...........#
..............<..####...........#


You could see a jelly.

Vanquished Creatures
  2 adders
  An ooze (D:2)
  2 worms (D:2)
  A dart slug (D:1)
  3 leopard geckos (D:1)
  A ball python (D:1)
  3 giant cockroaches
  6 goblins
  3 hobgoblins
  4 kobolds (D:1)
  A quokka (D:3)
  4 bats
  4 frilled lizards
  7 rats (D:1)
42 creatures vanquished.

Notes
Turn   | Place    | Note
-------+----------+-------------------------------------------
     0 | D:1      | DrEnzyme the Demonspawn Gladiator began the quest for the Orb.
     0 | D:1      | Reached XP level 1. HP: 16/16 MP: 1/1
   455 | D:1      | Reached skill level 1 in Stealth
   455 | D:1      | Gained mutation: You regenerate a little health from kills. [demonic ancestry]
   455 | D:1      | Reached XP level 2. HP: 22/22 MP: 2/2
   747 | D:1      | Gained mutation: Your movements are slightly less encumbered by armour. (ER -2) [demonic ancestry]
   747 | D:1      | Reached XP level 3. HP: 27/27 MP: 3/3
  1962 | D:3      | Noticed busb's ghost (amateur OpWn)
  2048 | D:3      | Found a faded altar of an unknown god.
  2125 | D:3      | Noticed an ogre
  2171 | D:3      | Gained mutation: Your movements are less encumbered by armour. (ER -4) [demonic ancestry]
  2171 | D:3      | Reached XP level 4. HP: 23/33 MP: 4/4
  2400 | D:3      | Splashed by a jelly's acid

Vault maps used:
D:1:      saegor_arrival_simple_c
D:3:      chequers_ecumenical_altar_island, minmay_snake_closets, uniq_sigmund

Skill      XL: |  1  2 |
---------------+-------+-----
Stealth        | 1 |  1.4
Dodging        | 3 |  3.3
Short Blades   | 3 |  3.4
Fighting       | |  2.1
Throwing       | |  1.7
Armour         | |  0.6

Action                   |  1- 3 |  4- 6 || total
-------------------------+-------+-------++-------
Melee: Rapier            |   149 |     5 ||   154
  Use: Scroll            |     4 |     2 ||     6
 Stab: Sleeping          |     1 |       ||     1
  Eat: Chunk             |     4 |     1 ||     5
Armor: Leather armour    |    39 |     2 ||    41
Dodge: Dodged            |    86 |     1 ||    87

Table legend:
 A = Spawn XP
 B = Non-spawn XP
 C = Spawn XP percentage of total XP
 D = Spawn monster count
 E = Non-spawn monster count
 F = Spawn count percentage of total count
 G = Total turns spent on level
                    A         B        C        D         E        F      G
               +---------+---------+-------+---------+---------+-------+---------
         Total |       0 |     104 |   0.0 |       0 |      42 |   0.0 |  2400
               +---------+---------+-------+---------+---------+-------+---------
           D:1 |       0 |      45 |   0.0 |       0 |      27 |   0.0 |  1137
           D:2 |       0 |      35 |   0.0 |       0 |       7 |   0.0 |   813
           D:3 |       0 |      24 |   0.0 |       0 |       8 |   0.0 |   450
               +---------+---------+-------+---------+---------+-------+---------
